 Dungeon Crawl Stone Soup version 0.19.4-8-ga85b6b9 (console) character file.

179 Grinner the Ducker (level 5, -3/25 HPs)
             Began as a Spriggan Transmuter on Feb 8, 2017.
             Slain by micr0chasm's ghost (6 damage)
             ... in a sewer.
             The game lasted 00:13:29 (3875 turns).

Grinner the Ducker (Spriggan Transmuter)            Turns: 3875, Time: 00:13:30

Health: -3/25      AC:  2    Str: 12    XL:     5   Next: 33%
Magic:  10/10      EV: 20    Int: 14    God:
Gold:   133        SH:  0    Dex: 17    Spells: 1 memorised, 8 levels left

rFire  . . .     SeeInvis +     b - +0 rapier
rCold  . . .     Gourm    .     m - +0 robe
rNeg   . . .     Faith    .     (shield restricted)
rPois  .         Spirit   .     (helmet restricted)
rElec  .         Reflect  .     (no cloak)
rCorr  .         Harm     .     (gloves unavailable)
MR     .....                    (boots unavailable)
Stlth  +++.......               (no amulet)
                                (no ring)
                                (no ring)

@: mighty, flying, very quick
A: unfitting armour, see invisible, herbivore 3, speed 3, slow metabolism 2
a: no special abilities


You were in a sewer.
You were full.

You visited 1 branch of the dungeon, and saw 3 of its levels.
You also visited: Sewer.

You collected 133 gold pieces.

Inventory:

Hand Weapons
 a - a +0 dagger
 b - a +0 rapier (weapon)
Missiles
 o - 51 arrows
Armour
 m - a +0 robe (worn)
Scrolls
 e - a scroll of magic mapping {unknown}
 g - 2 scrolls of remove curse {unknown}
 h - 2 scrolls of identify {unknown}
 i - 2 scrolls of noise {unknown}
 l - a scroll of fog {unknown}
 q - a scroll of teleportation {unknown}
Potions
 n - a potion of brilliance {unknown}
 p - a potion of magic {unknown}
 r - a potion of resistance {unknown}
 s - a potion of degeneration {unknown}
 t - a potion of experience {unknown}
 u - a potion of haste {unknown}
Books
 c - a book of Changes

   Spells                             Type                      Level
   a - Beastly Appendage              Transmutation                1
   b - Sticks to Snakes               Transmutation                2
   c - Spider Form                    Transmutation/Poison         3
   d - Ice Form                       Ice/Transmutation            4
   e - Blade Hands                    Transmutation                5
Comestibles
 d - 2 bread rations


   Skills:
 - Level 0.7 Fighting
 * Level 2.3 Short Blades
 * Level 5.1 Dodging
 + Level 4.8 Stealth
 - Level 2.4 Unarmed Combat
 - Level 2.6 Spellcasting
 + Level 3.3 Transmutations


You had 8 spell levels left.
You knew the following spells:

 Your Spells              Type           Power        Failure   Level  Hunger
z - Beastly Appendage     Tmut           ##....       6%          1    #......


Dungeon Overview and Level Annotations

Branches:
Dungeon (3/15)

Altars:
Ru
Trog
Yredelemnul

Annotations:
Sewer micr0chasm's ghost, amateur HaHu


Innate Abilities, Weirdness & Mutations

You are very small and have problems with some larger weapons.
You are too small for most types of armour.
You have supernaturally acute eyesight. (SInv)
You are a herbivore.
You cover ground extremely quickly.
You need consume almost no food.


Message History

It was a potion of flight.
You feel very buoyant.
You fly up into the air.
The jackal completely misses you.
The jackal bites you but does no damage.
Micr0chasm's ghost completely misses you.
It was a potion of might.
You feel very mighty all of a sudden. The jackal misses you.
Micr0chasm's ghost closely misses you.
You closely miss the jackal.
The jackal is severely wounded.
The jackal misses you. Micr0chasm's ghost misses you.
The jackal closely misses you.
You closely miss the jackal.
The jackal is severely wounded.
The jackal completely misses you. Micr0chasm's ghost hits you.
* * * LOW HITPOINT WARNING * * *
You closely miss the jackal.
The jackal is severely wounded.
The jackal closely misses you. Micr0chasm's ghost hits you.
You die...

#####
#..@#
#.hW#
#.∩KK.≈.#
#.....≈.#
#####.≈..W
.≈.## .≈.#
≈.# ##


You could see micr0chasm's ghost, a jackal and 2 kobolds.

Vanquished Creatures
  Jessica (D:2)
  5 gnolls
  3 adders (D:2)
  An ooze (D:1)
  A worm (D:2)
  A dart slug (D:1)
  2 leopard geckos
  An orc (D:3)
  5 giant cockroaches
  2 gnoll zombies (D:2)
  4 goblins
  6 hobgoblins
  11 jackals
  7 quokkas
  5 bats
  3 frilled lizards (D:2)
  4 rats
62 creatures vanquished.

Notes
Turn   | Place    | Note
-------+----------+-------------------------------------------
     0 | D:1      | Grinner the Spriggan Transmuter began the quest for the Orb.
     0 | D:1      | Reached XP level 1. HP: 9/9 MP: 5/5
   252 | D:1      | Reached skill level 1 in Stealth
   252 | D:1      | Reached XP level 2. HP: 8/14 MP: 4/6
  1925 | D:2      | Reached XP level 3. HP: 14/17 MP: 8/8
  2494 | D:2      | Reached skill level 1 in Short Blades
  2509 | D:2      | Reached skill level 4 in Dodging
  2563 | D:2      | Reached XP level 4. HP: 18/21 MP: 7/9
  3051 | D:2      | Found a basalt altar of Yredelemnul.
  3313 | D:2      | Noticed Jessica
  3319 | D:2      | Killed Jessica
  3320 | D:2      | Reached XP level 5. HP: 23/25 MP: 10/10
  3362 | D:3      | Found a bloodstained altar of Trog.
  3435 | D:3      | Found a faded altar of an unknown god.
  3435 | D:3      | Found a sacrificial altar of Ru.
  3440 | D:3      | Found a faded altar of an unknown god.
  3442 | D:3      | Found a faded altar of an unknown god.
  3443 | D:3      | Found a faded altar of an unknown god.
  3661 | D:3      | Reached skill level 5 in Dodging
  3816 | D:3      | Found a glowing drain.
  3826 | Sewer    | Entered a sewer
  3832 | Sewer    | Noticed micr0chasm's ghost (amateur HaHu)
  3875 | Sewer    | Slain by micr0chasm's ghost

Skill      XL: |  1  2  3  4  5 |
---------------+----------------+-----
Stealth        | 1 3 4 |  4.8
Short Blades   | 1 2 |  2.3
Dodging        | 4 5 |  5.1
Transmutations | 3 |  3.3
Fighting       | |  0.7
Unarmed Combat | |  2.4
Spellcasting   | |  2.6

Action                   |  1- 3 |  4- 6 || total
-------------------------+-------+-------++-------
Melee: Dagger            |    94 |       ||    94
       Unarmed           |    10 |       ||    10
       Kick              |    12 |    10 ||    22
       Rapier            |    71 |   125 ||   196
       Headbutt          |     4 |     7 ||    11
       Punch             |     2 |     2 ||     4
 Cast: Beastly Appendage |    14 |    12 ||    26
  Use: Potion            |       |     6 ||     6
 Stab: Sleeping          |     7 |     6 ||    13
       Distracted        |       |     2 ||     2
  Eat: Bread ration      |       |     1 ||     1
Armor: Robe              |    16 |     8 ||    24
       Skin              |       |    61 ||    61
Dodge: Dodged            |   172 |   114 ||   286
